 Dungeon Crawl Stone Soup version 0.25-a0-589-g1e14c549ee (webtiles) character file.

Game seed: 15630131031934719584, levelgen mode: deterministic

767 Amnesiac the Grave Robber (level 7, -6/46 HPs)
             Began as a Mummy Necromancer on Mar 11, 2020.
             Was a Follower of Okawaru.
             Killed by divine providence
             ... invoked by an orc priest
              (17 damage)
             ... on level 4 of the Dungeon.
             The game lasted 00:09:57 (3638 turns).

Amnesiac the Grave Robber (Mummy Necromancer)       Turns: 3638, Time: 00:09:57

Health: -6/46      AC:  5    Str: 15    XL:     7   Next: 52%
Magic:  5/11       EV: 27    Int: 15    God:    Okawaru [*.....]
Gold:   210        SH:  0    Dex: 13    Spells: 8/12 levels left

rFire    . . .     SeeInvis +   b - +0 fustibalus
rCold    + . .     Gourm    .   (no shield)
rNeg     + + +     Faith    .   e - +2 robe {rF+}
rPois    ∞         Spirit   .   (no helmet)
rElec    .         Reflect  .   v - +0 cloak
rCorr    .         Harm     .   (no gloves)
MR       .....                  (no boots)
Stlth    ++........             o - amulet of the acrobat
HPRegen  0.15/turn              u - ring of see invisible
MPRegen  0.12/turn              r - +3 ring of strength

@: acrobat
A: no food or potions, fire vulnerability, cold resistance 1, negative energy
resistance 3, torment resistance, unbreathing
a: Heroism, Renounce Religion


You were on level 4 of the Dungeon.
You worshipped Okawaru.
Okawaru was aware of your devotion.
You were not hungry.

You visited 1 branch of the dungeon, and saw 4 of its levels.
You also visited: Sewer.

You collected 210 gold pieces.

Inventory:

Hand Weapons
 a - a +2 dagger of electrocution
 b - a +0 fustibalus (weapon)
Missiles
 i - 8 poisoned darts
 p - 48 sling bullets (quivered)
 q - 125 stones
Armour
 e - a +2 robe of fire resistance (worn)
 v - a +0 cloak (worn)
Jewellery
 c - a +1 ring of protection {unknown}
 o - an amulet of the acrobat (around neck)
 r - a +3 ring of strength (right hand)
 u - a ring of see invisible (left hand)
Wands
 j - a wand of flame (26)
 l - a wand of iceblast (7)
Scrolls
 d - 2 scrolls of teleportation {!r}
 f - 2 scrolls of remove curse {!r}
 h - a scroll of enchant weapon {!r}
 k - a scroll of fog {!r}
 n - a scroll of magic mapping {!r}
 s - 3 scrolls of enchant armour {!r}
 t - a scroll of fear {!r}


   Skills:
 - Level 4.0 Short Blades
 + Level 4.6 Slings
 - Level 1.5 Dodging
 - Level 1.5 Stealth
 - Level 3.0 Spellcasting
 - Level 5.0 Necromancy


You had 8 spell levels left.
You knew the following spells:

 Your Spells              Type           Power        Failure   Level  Hunger
a - Pain                  Necr           ###.         2%          1    N/A
e - Vampiric Draining     Necr           ###.......   8%          3    N/A

Your spell library contained the following spells:

 Spells                   Type           Power        Failure   Level  Hunger
 Animate Skeleton         Necr           N/A          2%          1    N/A
 Animate Dead             Necr           N/A          26%         4    N/A
 Agony                    Necr           ###.....     56%         5    N/A

Dungeon Overview and Level Annotations

Branches:
Dungeon (4/15)             Temple (0/1) D:4           Sewer (visited)

Altars:
Elyvilon
Okawaru
Trog
Uskayaw
Vehumet


Innate Abilities, Weirdness & Mutations

You do not eat or drink.
Your flesh is vulnerable to fire.
You are immune to poison.
Your flesh is cold resistant. (rC+)
You are immune to negative energy. (rN+++)
You are immune to unholy pain and torment.
You can survive without breathing.


Message History

HP restored.
p - 51 sling bullets (gained 1)
p - 52 sling bullets (gained 1)
Found a stone staircase leading down.
A hound comes into view.
A hound is nearby!
A hound is nearby!
Firing (i - inventory. (/) - cycle)
p - 52 sling bullets (quivered)
Press: ? - help, Shift-Dir - straight line, f - hound
Aim: a hound (hasn't noticed you)
You shoot a sling bullet. The hound barks!
The sling bullet hits the hound!
The hound is severely wounded.
You hear a shout! x2
An orc wizard comes into view. It is wielding a +0 dagger.
An orc priest comes into view. It is wielding a +0 mace of holy wrath.
Firing (i - inventory. (/) - cycle)
p - 51 sling bullets (quivered)
Press: ? - help, Shift-Dir - straight line, f/p - hound
Aim: a hound (severely wounded)
You shoot a sling bullet.
The sling bullet closely misses the hound.
An orc comes into view. It is wielding a +0 dagger.
Firing (i - inventory. (/) - cycle)
p - 50 sling bullets (quivered)
Press: ? - help, Shift-Dir - straight line, f/p - hound
Aim: a hound (severely wounded)
You shoot a sling bullet.
The sling bullet closely misses the hound.
The orc shouts!
The orc priest invokes the aid of Beogh against you.
Beogh smites you!
A hound comes into view.
You hear an angry hiss.
Firing (i - inventory. (/) - cycle)
p - 49 sling bullets (quivered)
Press: ? - help, Shift-Dir - straight line, f/p - hound
Aim: a hound (severely wounded)
You shoot a sling bullet. The hound barks!
The sling bullet hits the hound.
The hound is severely wounded.
The hound misses you. The hound bites you.
An iguana comes into view.
The hound bites you.
* * * LOW HITPOINT WARNING * * *
Casting: Vampiric Draining (safe; 8% risk of failure)
Confirm with . or Enter, or press ? or * to list all spells.
Aiming: Vampiric Draining (safe; 8% risk of failure)
Press: ? - help, Shift-Dir - straight line, f/p - hound
Aim: a hound (severely wounded)
You kill the hound!
Okawaru accepts your kill.
You feel life coursing into your body.
You open the door.
A worm comes into view.
Found a staircase to the Ecumenical Temple.
The orc priest calls down the wrath of Beogh upon you.
Beogh smites you!
* * * LOW HITPOINT WARNING * * *
The worm misses you.
There is an open door here.
There is a fountain of clear blue water here.
The orc priest invokes the aid of Beogh against you.
Beogh smites you!
You die...

#..#####....########...
##...##..............##
###......##########.#
###....###### #.#
#...........# ##.#
###+#######.# ##..#
#.....# #.###..##
#.⌠.⌠.# #.....##
+..@..+. #.....#
#.⌠w⌠.#.###.###.#
#.....#...).# #.##
###'#####.#####..###
#..###...# ##.....#
###o###..#####.......
#(.h....## #........
#(o####### #........
.o.h# #........


You could see a worm, a hound and an orc priest.

Vanquished Creatures
  Duvessa (D:4)
  An ogre (D:4)
  A bullfrog (Sewer)
  Dowan (D:4)
  Crazy Yiuf (D:3)
  2 orc priests (D:3)
  3 hounds
  An iguana (D:4)
  A worker ant (D:3)
  9 adders
  10 oozes
  A worm (D:4)
  A dart slug (D:1)
  9 leopard geckos
  8 orcs (D:3)
  A bat (D:2)
  11 giant cockroaches
  6 hobgoblins
  2 jackals (D:3)
  5 kobolds
  A quokka (D:2)
  8 ball pythons (Sewer)
  18 frilled lizards
  7 goblins
  9 rats
118 creatures vanquished.

Notes
Turn   | Place    | Note
-------+----------+-------------------------------------------
     0 | D:1      | Amnesiac the Mummy Necromancer began the quest for the Orb.
     0 | D:1      | Reached XP level 1. HP: 13/13 MP: 4/4
   151 | D:1      | Reached XP level 2. HP: 19/19 MP: 3/6
   598 | D:2      | Found a hide-covered altar of Uskayaw.
   604 | D:2      | Reached XP level 3. HP: 20/24 MP: 1/7
   706 | D:2      | Reached skill level 5 in Necromancy
   883 | D:2      | Reached skill level 1 in Short Blades
  1026 | D:2      | Reached XP level 4. HP: 25/30 MP: 1/8
  1031 | D:2      | Learned a level 3 spell: Vampiric Draining
  1364 | D:3      | Found a glowing drain.
  1374 | Sewer    | Entered a sewer
  1660 | Sewer    | Reached XP level 5. HP: 18/35 MP: 9/9
  1922 | D:3      | Found an iron altar of Okawaru.
  1928 | D:3      | Reached XP level 6. HP: 41/41 MP: 7/10
  1936 | D:3      | Became a worshipper of Warmaster Okawaru
  2132 | D:3      | Reached skill level 1 in Slings
  2633 | D:3      | Found a bloodstained altar of Trog.
  2636 | D:3      | Found a white marble altar of Elyvilon.
  2638 | D:3      | Found a radiant altar of Vehumet.
  2824 | D:3      | Found a runed translucent door.
  2825 | D:3      | Noticed Crazy Yiuf
  2832 | D:3      | Killed Crazy Yiuf
  3125 | D:4      | Noticed Duvessa
  3148 | D:4      | Noticed Dowan
  3150 | D:4      | Killed Duvessa
  3150 | D:4      | Reached XP level 7. HP: 33/46 MP: 11/11
  3154 | D:4      | Killed Dowan
  3567 | D:4      | Reached * piety under Okawaru
  3634 | D:4      | Found a staircase to the Ecumenical Temple.
  3638 | D:4      | Killed from afar by an orc priest

Levels and vault maps discovered:
D:1:      mrwooster_arrival_arrow, layout_rooms
D:2:      layout_basic, eat_drink_and_be_merry_uskayaw
D:3:      layout_basic, lemuel_crystal_altar, minitemple,
          cheibrodos_sewer_entry_drain, uniq_crazy_yiuf_cottage
D:4:      layout_rooms, minmay_temple_entry_hall, uniq_duvessa

Skill      XL: |  1  2  3  4  5  6  7 |
---------------+----------------------+-----
Spellcasting   | 3 |  3.0
Necromancy     | 5 |  5.0
Short Blades   | 1 2 4 |  4.0
Slings         | 3 4 |  4.6
Dodging        | |  1.5
Stealth        | |  1.5

Action                   |  1- 3 |  4- 6 |  7- 9 || total
-------------------------+-------+-------+-------++-------
Melee: Unarmed           |     1 |       |       ||     1
       Dagger            |     1 |   167 |       ||   168
 Fire: Fustibalus        |       |    10 |    45 ||    55
Throw: Dart              |       |     3 |       ||     3
 Cast: Pain              |    61 |    13 |       ||    74
       Vampiric Draining |       |    18 |     8 ||    26
  Use: Scroll            |       |    12 |     2 ||    14
 Stab: Sleeping          |       |     3 |       ||     3
Armor: Robe              |     2 |    24 |     3 ||    29
Dodge: Dodged            |     3 |   113 |    14 ||   130

Table legend:
 A = Non-vault XP
 B = Vault XP
 C = Vault XP percentage of total XP
 D = Non-vault monster count
 E = Vault monster count
 F = Vault count percentage of total count
                 A         B        C        D         E       F
            +---------+---------+-------+---------+---------+-------
      Total |     602 |     494 |  45.1 |      67 |      51 |  43.2
            +---------+---------+-------+---------+---------+-------
        D:1 |      25 |       0 |   0.0 |      15 |       0 |   0.0
        D:2 |      77 |       0 |   0.0 |      16 |       0 |   0.0
        D:3 |     227 |      44 |  16.2 |      26 |       3 |  10.3
        D:4 |     273 |     223 |  45.0 |      10 |       2 |  16.7
      Sewer |       0 |     227 | 100.0 |       0 |      46 | 100.0
            +---------+---------+-------+---------+---------+-------
